 Dungeon Crawl Stone Soup version 0.30-a0-1160-g6e42c06551 (webtiles) character file.

Game seed: 15243930807902753962

401245 holysushi the Intangible (level 24, 0/146 HPs)
             Began as a Kobold Chaos Knight on Apr 25, 2023.
             Was a Favourite Plaything of Xom.
             Slain by an acid blob (34 damage)
             ... on level 3 of the Pits of Slime on Apr 26, 2023.
             The game lasted 01:51:25 (65241 turns).

holysushi the Intangible (Kobold Chaos Knight)     Turns: 65241, Time: 01:51:26

Health: 0/146      AC:  8    Str: 11    XL:     24   Next: 42%
Magic:  37/37      EV: 61    Int: 28    God:    Xom [......]
Gold:   4390       SH:  0    Dex: 42    Spells: 15/53 levels left

rFire   . . .        b - +4 quick blade (spect)
rCold   + + .        (no shield)
rNeg    . . .        T - +1 leather armour "Pagut" {Drain rElec Int-2 Dex+6}
rPois   .            P - +2 hat
rElec   +            d - scarf {shadows}
rCorr   +            R - +1 pair of gloves of Fortitude {Will- Str+4 Dex+4 Stlth+}
SInv    +            G - +2 pair of boots {Fly}
Will    ++++.        B - amulet of Xetz {RegenMP rC+ Int+6 Dex+3 SInv}
Stlth   ++++++++++   j - ring "Yvowneav" {rF+ Will+ Dex+4}
HPRegen 0.44/turn    p - ring "Wiaz" {rCorr Str-5 Int+6 Dex+5}
MPRegen 0.65/turn

%: no passive effects
@: corroded, flying, hasted, studying Fighting, unable to read, very quick
A: small, no large weapons, nightstalker 3, horns 2, iridescent scales 1,
camouflage 1, clever 1, clumsy 1, cold resistance 1, deformed body,
deterioration 1, frail 1, low MP 1, strong-willed 3, sense surroundings 1,
shaggy fur 1, strong 1, evolution 1, heat vulnerability 1, inability to read
after injury 1
}: 2/15 runes: decaying, serpentine
a: Renounce Religion


You were on level 3 of the Pits of Slime.
You worshipped Xom.
You were a very special plaything of Xom.
You visited 10 branches of the dungeon, and saw 46 of its levels.
You visited the Abyss 1 time.
You visited 1 bazaar.
You also visited: Trove, Ossuary, Ice Cave and Volcano.

You collected 9663 gold pieces.
You spent 5273 gold pieces at shops.

Inventory:

Hand Weapons
 a - the +4 rapier of Egomania {heavy, Dex+4}
   (You took it off a deep elf annihilator on level 3 of the Elven Halls)

   Dex:       It affects your dexterity (+4).
 b - a +4 spectral quick blade (weapon)
 s - a +8 short sword of chaos
Armour
 c - the +1 cloak of Starlight {*Dazzle EV+4 Stlth--}
   (You found it on level 1 of the Vaults)

   *Dazzle:   It may blind those who miss an attack against the wearer in melee
   combat.
   EV:        It affects your evasion (+4).
   Stlth:     It makes you much less stealthy.
 d - a scarf of shadows (worn)
 n - a +4 kite shield
 G - a +2 pair of boots of flying (worn)
 I - an orb of energy
 P - a +2 hat (worn)
 R - the +1 pair of gloves of Fortitude (worn) {Will- Str+4 Dex+4 Stlth+}
   (You acquired it on level 1 of the Elven Halls)

   Str:       It affects your strength (+4).
   Dex:       It affects your dexterity (+4).
   Will:      It decreases your willpower.
   Stlth:     It makes you more stealthy.
 T - the +1 leather armour "Pagut" (worn) {Drain rElec Int-2 Dex+6}
   (You bought it in a shop on level 2 of the Orcish Mines)

   Int:       It affects your intelligence (-2).
   Dex:       It affects your dexterity (+6).
   rElec:     It insulates you from electricity.
   Drain:     It drains your maximum health when unequipped.
Jewellery
 j - the ring "Yvowneav" (left hand) {rF+ Will+ Dex+4}
   (You found it on level 2 of the Dungeon)

   [ring of protection from fire]

   Dex:       It affects your dexterity (+4).
   rF:        It protects you from fire.
   Will:      It increases your willpower.
 p - the ring "Wiaz" (right hand) {rCorr Str-5 Int+6 Dex+5}
   (You took it off a deep elf death mage on level 3 of the Elven Halls)

   [ring of intelligence]

   Str:       It affects your strength (-5).
   Int:       It affects your intelligence (+6).
   Dex:       It affects your dexterity (+5).
   rCorr:     It protects you from acid and corrosion.
 B - the amulet of Xetz (around neck) {RegenMP rC+ Int+6 Dex+3 SInv}
   (You found it in a treasure trove)

   [amulet of magic regeneration]

   It increases your rate of magic regeneration.
   Int:       It affects your intelligence (+6).
   Dex:       It affects your dexterity (+3).
   rC:        It protects you from cold.
   SInv:      It lets you see invisible.
Wands
 k - a wand of acid (4)
 l - a wand of paralysis (22)
 t - a wand of digging (27)
 y - a wand of iceblast (50)
 E - a wand of flame (109)
 N - a wand of polymorph (24)
Scrolls
 f - a scroll of blinking
 g - 13 scrolls of teleportation
 r - 10 scrolls of vulnerability
 C - 2 scrolls of magic mapping
 D - 4 scrolls of brand weapon
 F - 9 scrolls of amnesia
 H - 7 scrolls of fear
 M - 5 scrolls of immolation
 S - 5 scrolls of fog
 W - a scroll of silence
 Y - 5 scrolls of poison
Potions
 e - 7 potions of magic
 h - 4 potions of curing
 i - 10 potions of resistance
 m - 4 potions of brilliance
 o - 10 potions of mutation
 q - 9 potions of lignification
 u - 4 potions of haste
 v - 3 potions of invisibility
 w - 5 potions of ambrosia
 x - 5 potions of might
 K - 6 potions of berserk rage
 L - 8 potions of attraction
 O - 7 potions of cancellation
 Q - 6 potions of flight
 X - 2 potions of heal wounds
Miscellaneous
 A - a piece from Xom's chessboard (15/15) (quivered)
 V - a phantom mirror


   Skills:
 - Level 20.0 Fighting
 - Level 15.0 Short Blades
 - Level 0.7 Armour
 O Level 27 Dodging
 - Level 15.0 Stealth
 - Level 12.1 Shields
 - Level 15.0 Spellcasting
 + Level 18.6 Necromancy
 - Level 2.0 Translocations
 - Level 5.9 Transmutations
 - Level 5.0 Evocations


You had 15 spell levels left.
You knew the following spells:

 Your Spells              Type           Power      Damage    Failure   Level
a - Blink                 Tloc           64%        N/A       1%          2
b - Animate Dead          Necr           90%        N/A       0%          4
c - Alistair's Intoxicat  Tmut/Pois      24%        N/A       26%         5
d - Irradiate             Conj/Tmut      18%        3d17      26%         5
e - Apportation           Tloc           64%        N/A       1%          1
f - Simulacrum            Ice/Necr       32%        N/A       11%         6
g - Infestation           Necr           45%        N/A       10%         8
h - Haunt                 Necr/Summ      32%        N/A       52%         7

Your spell library contained the following spells:

 Spells                   Type           Power      Damage    Failure   Level
 Sublimation of Blood     Necr           90%        N/A       0%          2
 Beastly Appendage        Tmut           100%       N/A       1%          1
 Cigotuvi's Dreadful Rot  Necr/Pois/Air  100%       N/A       1%          2
 Lesser Beckoning         Tloc           64%        N/A       1%          2
 Wereblood                Tmut           53%        N/A       1%          2
 Spider Form              Tmut/Pois      37%        N/A       2%          3
 Freeze                   Ice            84%        1d9       3%          1
 Magic Dart               Conj           84%        1d7       3%          1
 Momentum Strike          Conj/Tloc      52%        3d9       3%          2
 Ensorcelled Hibernation  Hex/Ice        42%        N/A       4%          2
 Scorch                   Fire           42%        2d6       4%          2
 Searing Ray              Conj           42%        2d6       4%          2
 Gell's Gravitas          Tloc           32%        N/A       4%          3
 Ignite Poison            Fire/Tmut/Pois 32%        N/A       4%          3
 Teleport Other           Tloc           32%        N/A       4%          3
 Vhi's Electric Charge    Tloc/Air       52%        N/A       6%          3
 Volatile Blastmotes      Fire/Tloc      52%        2d14      6%          3
 Frozen Ramparts          Ice            42%        1d7       10%         3
 Hailstorm                Conj/Ice       21%        3d6       10%         3
 Ozocubu's Armour         Ice            21%        N/A       10%         3
 Ice Form                 Ice/Tmut       37%        N/A       10%         4
 Petrify                  Tmut/Erth      37%        N/A       10%         4
 Manifold Assault         Tloc           32%        N/A       14%         4
 Iskenderun's Mystic Bla  Conj/Tloc      26%        2d7       21%         4
 Flame Wave               Conj/Fire      21%        2d8       30%         4
 Fulminant Prism          Conj/Hex       10%        3d9       30%         4
 Summon Ice Beast         Ice/Summ       21%        N/A       30%         4
 Summon Forest            Summ/Tloc      13%        N/A       50%         5
 Arcjolt                  Conj/Air       10%        1d20      65%         5
 Freezing Cloud           Conj/Ice/Air   10%        6-21      65%         5
 Lee's Rapid Deconstruct  Erth           10%        3d8*      65%         5
 Metabolic Englaciation   Hex/Ice        10%        N/A       65%         5
 Summon Mana Viper        Hex/Summ       21%        N/A       65%         5
 Dispersal                Tloc           16%        N/A       91%         6
 Plasma Beam              Fire/Air       10%        2x1d23    99%         6
 Summon Cactus Giant      Summ           10%        N/A       99%         6
 Monstrous Menagerie      Summ           10%        N/A       100%        7
 Ozocubu's Refrigeration  Ice            10%        4d9       100%        7
 Disjunction              Tloc           16%        N/A       100%        8
 Maxwell's Capacitive Co  Air            10%        ∞         100%        8


Dungeon Overview and Level Annotations

Branches:
Dungeon (15/15) Zot: 23744  Temple (1/1) D:6 Zot: 5812    Lair (5/5) D:10 Zot: 23222
  Swamp (4/4) Lair:3 Zot: 19825   Snake (4/4) Lair:3 Zot: 18737   Slime (5/5) Lair:5 Zot: 26139
    Orc (2/2) D:9 Zot: 9778     Elf (3/3) Orc:2 Zot: 11337  Vaults (4/5) D:14 Zot: 11306
  Crypt (0/3) Vaults:2     Depths (3/4) D:15 Zot: 14401 Ossuary (visited)
  IceCv (visited)         Volcano (visited)

Altars:
Ashenzari
Cheibriados
Dithmenos
Elyvilon
Fedhas
Gozag
Hepliaklqana
Kikubaaqudgha
Makhleb
Nemelex Xobeh
Okawaru
Qazlal
Ru
Sif Muna
Trog
Uskayaw
Vehumet
Wu Jian
Xom
Yredelemnul
Zin
The Shining One
Jiyva

Shops:
D:12 *   D:14 ?   Orc:2 [**=   Snake:1 :   Vaults:2 [   Vaults:4 :   Depths:1 *

Portals:
Hell: Depths:1 Depths:2
Abyss: Depths:1 Depths:2
Pandemonium: Depths:2
Ziggurat: Depths:1

Annotations:
D:2 1 runed translucent door, Crazy Yiuf
Lair:3 exclusion: oklob plant
Swamp:2 3 runed translucent doors, Uryrphacuxt's ghost, adept MiBe
Elf:2 3 runed translucent doors


Innate Abilities, Weirdness & Mutations

You are small and have problems with some larger weapons.
You are completely attuned to the shadows.
You have a pair of horns on your head.
You are partially covered in iridescent scales. (AC +2)
Your skin changes colour to match your surroundings (Stealth+).
Your mind is acute. (Int +4, Str/Dex -1)
You are clumsy. (Dex -2)
Your flesh is cold resistant. (rC+)
Armour fits poorly on your strangely shaped body.
Your body sometimes deteriorates upon taking damage.
You are frail. (-10% HP)
Your magical capacity is low. (-10% MP)
You are extremely strong-willed. (Will+++)
You passively map a small area around you.
You are covered in fur. (AC +1)
Your muscles are strong. (Str +4, Int/Dex -1)
You have hidden genetic potential.
You are vulnerable to heat. (rF-)
You occasionally lose the ability to read scrolls when taking damage.


Message History

You are splashed with acid.
You resist. The rockslime completely misses you.
The azure jelly completely misses you. x4; The rockslime completely misses you.
The acid blob attacks as you move away! The acid blob completely misses you.
The azure jelly hits you! The azure jelly freezes you! You resist.
* * * LOW HITPOINT WARNING * * *
The azure jelly completely misses you. x2
The azure jelly hits you but does no damage.
The acid blob attacks as you move away! The acid blob completely misses you.
There is a stone staircase leading up here.
The azure jelly hits you!
* * * LOW HITPOINT WARNING * * *
The azure jelly freezes you! You resist.
* * * LOW HITPOINT WARNING * * *
The azure jelly completely misses you.
The azure jelly hits you but does no damage.
The azure jelly barely misses you. The acid blob completely misses you.
You fly upwards.
There is a stone staircase leading down here.
You feel much better. The acid blob hits you!!
You feel threatened and lose the ability to read scrolls!
* * * LOW HITPOINT WARNING * * *
The acid corrodes you!
You are splashed with acid.
You resist.
* * * LOW HITPOINT WARNING * * *
The azure jelly completely misses you. x4
The acid blob hits you but does no damage.
You cannot read scrolls in your current state!
Unknown command.
You feel much better.
You can read scrolls again.
The azure jelly jiggles.
The azure jelly completely misses you. x4; The acid blob completely misses you.
You feel yourself speed up. The azure jelly completely misses you.
The azure jelly hits you. The azure jelly freezes you! You resist.
* * * LOW HITPOINT WARNING * * *
The azure jelly hits you.
* * * LOW HITPOINT WARNING * * *
The azure jelly completely misses you. The acid blob hits you!!
You feel threatened and lose the ability to read scrolls!
You die...
Xom roars with laughter!

,, * * ,
, , , ,
, , , ,,
, ,, , ,
, *
.......
,
,.......
.......
, , ,
..J@...
,
..J....,
, *
.......
*
#......
* * , *
, , , ,
* , , ,
** > , *
,


You could see an acid blob and an azure jelly.

Vanquished Creatures
  the Royal Jelly (Slime:5)
  Vv (Depths:2)
  Sojobo (Vaults:3)
  Bai Suzhen (Vaults:2)
  Vashnia (Snake:2)
  Nikola (Snake:4)
  the Enchantress (Depths:2)
  A golden dragon (IceCv)
  Jory (Vaults:3)
  2 tentacled monstrosities
  Jorgrun (Snake:3)
  Asterion (Elf:3)
  3 liches
  2 deep elf blademasters (Elf:3)
  2 deep elf master archers (Elf:3)
  Mlioglotl (Snake:4)
  A titan (Slime:5)
  6 acid blobs
  2 thorn hunters (Swamp:4)
  Agnes (Snake:4)
  A shadow dragon (Vaults:3)
  2 tengu reavers (Vaults:4)
  3 sphinxes
  2 storm dragons
  A fenstrider witch (Swamp:4)
  3 azure jellies
  5 frost giants
  3 nagarajas
  The ghost of turdburglar the Bludgeoner, a journeyman OgGl of Hepliaklqana (Swamp:1)
  6 deep elf sorcerers
  3 rockslimes
  Aizul (Snake:2)
  Louise (Snake:2)
  3 fire giants
  6 vault wardens
  5 spriggan defenders (Depths:2)
  2 orc warlords
  2 deep elf elementalists
  A broodmother (IceCv)
  A cacodemon (D:14)
  2 very ugly things (Depths:1)
  17 ironbound preservers
  5 stone giants
  A quicksilver ooze (Slime:4)
  2 ironbound thunderhulks
  A war gargoyle (Vaults:4)
  10 dire elephants
  2 vampire knights
  6 deep elf annihilators (Elf:3)
  6 spark wasps (Depths:2)
  3 bunyips
  3 deep elf demonologists (Elf:3)
  5 eleionomae
  The ghost of Qesae the Convoker, a journeyman FeSu of Gozag (D:14)
  6 deep elf death magi
  3 fire dragons
  6 ettins
  3 crystal guardians
  An entropy weaver (Vaults:1)
  3 deep elf high priests
  5 yaktaur captains
  An entropy weaver (shapeshifter) (D:14)
  5 great orbs of eyes
  A rakshasa (D:15)
  7 vault guards
  5 ice dragons
  Erolcha (Orc:2)
  17 hydras
  11 ironbound frosthearts
  8 anacondas
  3 ogre magi
  4 salamander tyrants
  3 peacekeepers
  2 ghost crabs
  2 spriggan air magi
  A catoblepas (Lair:3)
  16 centaur warriors
  11 two-headed ogres
  A satyr (Swamp:4)
  5 alligators
  14 dancing weapons
  A deep troll shaman (Depths:3)
  19 naga warriors
  2 tengu warriors
  An alligator snapping turtle (Elf:3)
  2 thrashing horrors (Abyss:4)
  4 deep troll earth magi
  2 vampire magi
  A boulder beetle (D:15)
  Sonja (D:13)
  An orc high priest (Orc:1)
  2 spriggan berserkers
  A titan zombie (Depths:1)
  5 deep elf knights (Elf:1)
  7 shock serpents
  2 hell knights
  11 naga sharpshooters
  6 large abominations
  Lodul (D:11)
  A skyshark (Lair:3)
  7 skeletal warriors
  A fire crab (Lair:4)
  An iron troll (Depths:1)
  A deep troll (shapeshifter) (Depths:1)
  4 salamander mystics
  5 goliath frogs
  A flayed ghost (Depths:1)
  58 deep trolls
  An orb spider (shapeshifter) (D:15)
  A death drake (shapeshifter) (D:14)
  2 glowing orange brains
  6 naga ritualists
  A tengu zombie (Depths:1)
  8 swamp dragons
  A spriggan simulacrum (Depths:1)
  A swamp dragon (shapeshifter) (Depths:2)
  3 deep elf archers
  5 bog bodies
  4 spriggan druids
  A phantasmal warrior (Depths:1)
  8 lindwurms
  7 wizards
  5 orc knights
  15 deep elf zephyrmancers
  11 harpies
  6 necromancers
  6 mana vipers
  Pikel (D:7)
  2 harpies (shapeshifter)
  A stone giant zombie (Vaults:2)
  2 orange crystal statues (IceCv)
  7 ironbound convokers
  The ghost of Sobieck the Arsonist, a novice DECj of Sif Muna (D:8)
  An oklob plant (Lair:2)
  7 cyclopes
  5 orc sorcerers
  4 shining eyes
  22 deep elf pyromancers
  A shining eye (shapeshifter) (Swamp:3)
  11 will-o-the-wisps
  6 manticores
  A sphinx skeleton (Vaults:2)
  18 ugly things
  5 elephants (Lair:2)
  21 naga magi
  9 salamanders
  A stone giant skeleton (Vaults:2)
  An elephant (shapeshifter) (Elf:1)
  A moth of wrath (shapeshifter) (D:8)
  A torpor snail (shapeshifter) (D:14)
  A frost giant skeleton (Vaults:2)
  34 black mambas
  A torpor snail (Vaults:1)
  10 vault sentinels
  5 guardian serpents
  A guardian serpent (shapeshifter) (D:14)
  5 cane toads
  3 unseen horrors (D:12)
  2 gargoyles
  An efreet (D:15)
  7 rime drakes
  4 yaktaur skeletons (Vaults:2)
  7 komodo dragons
  A yaktaur (shapeshifter) (D:14)
  A komodo dragon (shapeshifter) (D:11)
  A kobold demonologist (Depths:1)
  2 tengu conjurers
  12 yaktaurs
  4 golden dragon simulacra (IceCv)
  17 trolls
  A meliai (shapeshifter) (D:14)
  3 meliai (D:14)
  11 polar bears
  8 hornets
  15 blink frogs
  Prince Ribbit (D:7)
  6 tyrant leeches
  A tarantella (shapeshifter) (D:14)
  12 dream sheep
  A tarantella (D:11)
  4 raiju
  2 dream sheep (shapeshifter)
  A jumping spider (shapeshifter) (Lair:4)
  38 slime creatures
  2 ettin skeletons (Vaults:2)
  4 air elementals
  10 spriggans
  7 water elementals
  2 wraiths
  48 yaks
  5 wyverns
  2 fire elementals
  3 fire bats (Orc:2)
  5 basilisks
  Grum (D:8)
  A golden eye (Slime:5)
  2 chaos spawn (D:14)
  2 neqoxecs (D:14)
  A steam dragon (D:9)
  17 vampire mosquitoes
  A naga zombie (Snake:4)
  A swamp worm (shapeshifter) (D:8)
  16 swamp worms
  6 acid dragons
  14 wargs
  49 nagas
  2 glowing shapeshifter zombies
  11 hell hounds (Lair:5)
  2 floating eyes
  14 water moccasins
  10 swamp drakes
  8 ice dragon simulacra (IceCv)
  A sky beast (shapeshifter) (D:14)
  22 orc warriors
  36 ogres
  2 sky beasts (D:6)
  15 black bears
  A black bear (shapeshifter) (Vaults:3)
  2 boggarts
  A tengu (D:11)
  16 centaurs
  25 wolves
  2 elf zombies
  5 kobold brigands
  2 phantoms
  17 bullfrogs
  9 small abominations
  2 earth elementals (Elf:3)
  4 human skeletons (Vaults:2)
  5 scorpions
  2 gnoll sergeants
  5 wights
  6 lindwurm simulacra (IceCv)
  26 killer bees
  An electric eel (Lair:1)
  5 howler monkeys
  2 centaur zombies (Ossuary)
  2 human zombies (Ossuary)
  2 hounds
  17 orc priests
  Jessica (D:3)
  8 iguanas
  17 orc wizards
  A hell rat (Lair:5)
  2 mummies (Ossuary)
  19 gnolls
  10 adders
  A shadow imp (D:6)
  2 ufetubi (D:7)
  A worm zombie (D:7)
  5 worms
  2 dart slugs (D:1)
  69 orcs
  7 bats
  2 endoplasms (D:1)
  A giant cockroach (D:1)
  7 goblins
  6 hobgoblins
  A jackal (D:5)
  17 kobolds
  3 quokkas
  4 ball pythons
  6 frilled lizards
  9 hobgoblin zombies (Ossuary)
  2 jackal zombies (Ossuary)
  13 kobold zombies (Ossuary)
  5 orc zombies (Ossuary)
  3 rats
  3 rat zombies (Ossuary)
  A spectral orc (D:6)
1593 creatures vanquished.

Vanquished Creatures (collateral kills)
  A golden dragon (Depths:2)
  3 sphinxes
  2 nagarajas (Snake:4)
  2 fire giants (Depths:2)
  A frost giant (Depths:2)
  A very ugly thing (Depths:1)
  3 stone giants (Depths:1)
  2 spark wasps (Depths:2)
  A crystal guardian (Vaults:4)
  2 spriggan air magi (Depths:2)
  An anaconda (Snake:2)
  A naga warrior (Snake:4)
  3 deep troll shamans
  A vampire mage (Depths:1)
  2 spriggan berserkers (Depths:2)
  A large abomination (Elf:3)
  A naga sharpshooter (Snake:4)
  A storm dragon skeleton (Depths:1)
  A goliath frog (Swamp:3)
  A salamander mystic (Snake:3)
  An iron troll (Depths:2)
  A spark wasp zombie (Depths:1)
  A naga ritualist (Snake:3)
  5 deep trolls
  A glowing orange brain (Depths:2)
  2 phantasmal warriors
  A shadow dragon zombie (Depths:1)
  A deep elf zephyrmancer (Elf:1)
  A deep elf pyromancer (Elf:1)
  An orc knight (Vaults:4)
  An elephant (Lair:2)
  3 salamanders (Snake:3)
  2 naga magi (Snake:4)
  A spriggan zombie (Depths:1)
  2 slime creatures (Vaults:4)
  2 spriggans (Depths:2)
  6 water elementals
  A yak (D:10)
  6 nagas
  An orc priest (D:5)
  2 hounds
  An iguana (D:6)
  An orc wizard (D:5)
  3 orcs
78 creatures vanquished.

Vanquished Creatures (others)
  An ettin (Depths:2)
  A dancing weapon (Snake:3)
  2 spriggans
  A deep troll (Vaults:3)
  7 spark wasp zombies (Depths:2)
  A deep elf archer (Elf:1)
  A phantasmal warrior (Depths:2)
  2 wizards
  A sphinx zombie (Depths:2)
  3 frost giant zombies (Depths:2)
  2 stone giant zombies
  A salamander (Snake:3)
  A shock serpent zombie (Snake:4)
  A guardian serpent (Snake:4)
  A naga mage (Snake:4)
  A yaktaur (Vaults:4)
  A rime drake (Lair:4)
  2 iron troll zombies
  2 bloated husks
  A hornet (Swamp:2)
  An ice dragon zombie (Depths:1)
  3 human zombies (Vaults:4)
  A tengu zombie (Depths:3)
  13 deep troll zombies
  4 nagas (Snake:4)
  A swamp drake (Swamp:4)
  A bullfrog (Lair:4)
  9 naga zombies (Snake:4)
  9 spriggan zombies
  A howler monkey (D:9)
  A bullfrog zombie (Lair:4)
  A gnoll (D:4)
  A swamp drake zombie (Swamp:4)
  An orc zombie (D:11)
  2 orcs (Orc:1)
  A bush (Lair:1)
  16 foxfires (Swamp:4)
  32 fungi
  45 plants
  9 spectral weapons
  2 starspawn tentacles (Abyss:4)
187 creatures vanquished.

Grand Total: 1858 creatures vanquished

Notes
Turn   | Place    | Note
-------+----------+-------------------------------------------
     0 | D:1      | holysushi the Kobold Chaos Knight began the quest for the
                  | Orb.
     0 | D:1      | Reached XP level 1. HP: 14/14 MP: 1/1
    48 | D:1      | XOM: smoke on damage
   198 | D:1      | Reached XP level 2. HP: 19/19 MP: 2/2
   232 | D:1      | Found a faded altar of an unknown god.
   243 | D:1      | Reached skill level 5 in Short Blades
   599 | D:1      | Reached XP level 3. HP: 23/23 MP: 3/3
   618 | D:1      | XOM: silly message
   693 | D:1      | XOM: divination: detect items
   818 | D:2      | Identified the ring "Yvowneav" {rF+ Will+ Dex+4}
   957 | D:2      | XOM: silly message
   964 | D:2      | XOM: silly message
  1058 | D:2      | XOM: butterfly on damage
  1080 | D:1      | XOM: silly message
  1124 | D:2      | Reached XP level 4. HP: 27/28 MP: 4/4
  1219 | D:1      | Reached skill level 3 in Dodging
  1270 | D:1      | XOM: divination: detect items
  1580 | D:2      | XOM: divination: magic mapping
  2025 | D:2      | Found a runed translucent door.
  2028 | D:2      | Noticed Crazy Yiuf
  2174 | D:3      | Reached XP level 5. HP: 30/32 MP: 5/5
  2213 | D:3      | XOM: noise
  2243 | D:3      | Reached skill level 4 in Dodging
  2309 | D:3      | Noticed Jessica
  2314 | D:3      | Killed Jessica
  2459 | D:3      | Found a radiant altar of Vehumet.
  2580 | D:3      | XOM: silly message
  2781 | D:3      | XOM: summons 2 hostile demons
  2943 | D:4      | Reached XP level 6. HP: 37/37 MP: 6/6
  3014 | D:4      | XOM: 1-stop teleportation journey
  3062 | D:4      | XOM: give mutations
  3062 | D:4      | Gained mutation: You are partially covered in iridescent
                  | scales. (AC +2) [Xom's mischief]
  3062 | D:4      | Gained mutation: You are mostly covered in iridescent
                  | scales. (AC +4) [Xom's mischief]
  3062 | D:4      | Gained mutation: You have hidden genetic potential. [Xom's
                  | mischief]
  3062 | D:4      | Gained mutation: You are dopey. (Int -2) [Xom's mischief]
  3112 | D:4      | Reached skill level 1 in Stealth
  3459 | D:4      | XOM: destruction
  3674 | D:4      | Reached skill level 5 in Dodging
  3945 | D:5      | Entered Level 5 of the Dungeon
  4066 | D:5      | XOM: 3-stop teleportation journey
  4087 | D:5      | XOM: cleaving
  4091 | D:5      | Reached XP level 7. HP: 24/41 MP: 7/7
  4096 | D:5      | Gained mutation: You possess an exceptional clarity of
                  | mind. [hidden potential]
  4140 | D:4      | XOM: cloud trail
  4193 | D:5      | Identified the +0 long sword of the Undead {drain, rC+
                  | Will+ Str-3 Dex+3}
  4603 | D:5      | Reached XP level 8. HP: 46/46 MP: 8/8
  4611 | D:5      | XOM: scenery: summon butterflies
  4632 | D:5      | XOM: confuse monster(s)
  4639 | D:5      | XOM: confuse monster(s)
  4729 | D:5      | XOM: god gift: ring mail {god gift}
  4814 | D:6      | Reached skill level 10 in Short Blades
  4836 | D:6      | Gained mutation: You are agile. (Dex +4, Str/Int -1)
                  | [hidden potential]
  4836 | D:6      | Lost mutation: You have hidden genetic potential. [hidden
                  | potential expressed]
  4917 | D:6      | Found the +1 Delatra's gloves {ID++}
  4926 | D:6      | XOM: silly message
  4931 | D:6      | XOM: enchant monster (bad)
  4934 | D:6      | Reached skill level 5 in Stealth
  4957 | D:6      | XOM: fog
  5080 | D:6      | XOM: silly message
  5201 | D:6      | Reached skill level 6 in Dodging
  5205 | D:6      | XOM: cast spell 'Metabolic Englaciation'
  5226 | D:6      | Reached XP level 9. HP: 49/52 MP: 9/9
  5370 | D:6      | XOM: noise
  5384 | D:6      | Found a staircase to the Ecumenical Temple.
  5441 | Temple   | Entered the Ecumenical Temple
  5756 | D:6      | Reached skill level 5 in Fighting
  5873 | D:6      | Found a basalt altar of Yredelemnul.
  6085 | D:7      | Reached skill level 7 in Dodging
  6184 | D:5      | XOM: torment (28/53 hp)
  6419 | D:7      | Identified a scroll of acquirement
  6419 | D:7      | Acquired a manual of Shields
  6434 | D:7      | Learned a level 2 spell: Blink
  6454 | D:7      | Noticed Prince Ribbit
  6471 | D:7      | Killed Prince Ribbit
  6472 | D:7      | Reached skill level 1 in Spellcasting
  6472 | D:7      | Reached skill level 1 in Translocations
  6583 | D:7      | Found a bloodstained altar of Trog.
  6613 | D:7      | Noticed Pikel
  6616 | D:7      | XOM: summons 2 friendly demons
  6689 | D:7      | Found a sand-covered staircase.
  6695 | Ossuary  | Entered an ossuary
  6858 | Ossuary  | Reached skill level 10 in Stealth
  6921 | Ossuary  | XOM: cast spell 'Cause Fear'
  6938 | Ossuary  | XOM: confuse monster(s)
  7019 | D:7      | XOM: 2-stop teleportation journey
  7034 | D:7      | Found a shimmering altar of Xom.
  7035 | D:7      | Found a hazy altar of Hepliaklqana.
  7037 | D:7      | Noticed a spectral ugly thing
  7084 | D:7      | Killed Pikel
  7085 | D:7      | Reached XP level 10. HP: 60/60 MP: 13/13
  7133 | D:7      | XOM: give mutations
  7133 | D:7      | Gained mutation: You are completely covered in iridescent
                  | scales. (AC +6) [Xom's grace]
  7133 | D:7      | Gained mutation: You have a pair of small antennae on your
                  | head. [Xom's grace]
  7133 | D:7      | Gained mutation: You have sharp toenails. [Xom's grace]
  7133 | D:7      | Gained mutation: Your system is resistant to poisons.
                  | (rPois) [Xom's grace]
  7143 | D:7      | XOM: cleaving
  7170 | D:7      | Reached skill level 8 in Dodging
  7175 | D:7      | Reached skill level 5 in Evocations
  7334 | D:7      | XOM: cloud trail
  7568 | D:7      | XOM: 3-stop teleportation journey
  7840 | D:8      | a kobold brigand changed into a glowing shapeshifter
  7840 | D:8      | Noticed a glowing shapeshifter (glowing shapeshifter)
  7840 | D:8      | XOM: polymorph kobold brigand -> glowing shapeshifter
  7840 | D:8      | a glowing shapeshifter changed into a swamp worm
  7848 | D:8      | Reached skill level 9 in Dodging
  7916 | D:8      | Noticed Grum
  7925 | D:8      | Killed Grum
  8066 | D:8      | Found a runed translucent door.
  8066 | D:8      | Noticed a manticore
  8069 | D:8      | Noticed Sobieck's ghost (novice DECj)
  8142 | D:8      | XOM: 1-stop teleportation journey
  8193 | D:8      | a killer bee changed into a glowing shapeshifter
  8193 | D:8      | Noticed a glowing shapeshifter (glowing shapeshifter)
  8194 | D:8      | a glowing shapeshifter changed into a moth of wrath
  8194 | D:8      | Noticed a moth of wrath (glowing shapeshifter)
  8199 | D:8      | Killed a moth of wrath
  8205 | D:8      | Reached skill level 10 in Dodging
  8246 | D:8      | XOM: give mutations
  8246 | D:8      | Gained mutation: You are robust. (+10% HP) [Xom's grace]
  8246 | D:8      | Lost mutation: You have sharp toenails. [Xom's grace]
  8246 | D:8      | Gained mutation: You have large cloven feet. [Xom's grace]
  8442 | D:8      | XOM: give mutations
  8442 | D:8      | Gained mutation: You expend magic power (3 MP) to
                  | strengthen your wands. [Xom's mischief]
  8442 | D:8      | Lost mutation: You are dopey. (Int -2) [Xom's mischief]
  8610 | D:9      | Reached XP level 11. HP: 74/74 MP: 14/14
  8678 | D:9      | Reached skill level 11 in Dodging
  8685 | D:9      | XOM: give mutations
  8685 | D:9      | Gained mutation: Your body sometimes deteriorates upon
                  | taking damage. [Xom's mischief]
  8685 | D:9      | Gained mutation: You are dopey. (Int -2) [Xom's mischief]
  8785 | D:9      | a howler monkey changed into a glowing shapeshifter
  8785 | D:9      | Noticed a glowing shapeshifter (glowing shapeshifter)
  8785 | D:9      | XOM: polymorph howler monkey -> glowing shapeshifter
  8787 | D:9      | a glowing shapeshifter changed into a water nymph
  8788 | D:9      | a water nymph changed into an anaconda
  8788 | D:9      | Noticed an anaconda (glowing shapeshifter)
  8790 | D:9      | an anaconda changed into a deep troll
  8790 | D:9      | Noticed a deep troll (glowing shapeshifter)
  8792 | D:9      | a deep troll changed into a glowing orange brain
  8792 | D:9      | Noticed a glowing orange brain (glowing shapeshifter)
  8794 | D:9      | a glowing orange brain changed into a lindwurm
  8794 | D:9      | Noticed a lindwurm (glowing shapeshifter)
  8798 | D:9      | a lindwurm changed into a cyclops
  8798 | D:9      | Noticed a cyclops (glowing shapeshifter)
  8800 | D:9      | a cyclops changed into a merfolk
  8802 | D:9      | a merfolk changed into a skyshark
  8802 | D:9      | Noticed a skyshark (glowing shapeshifter)
  8808 | D:9      | a skyshark changed into a faun
  8808 | D:9      | Noticed a faun (glowing shapeshifter)
  8812 | D:9      | a faun changed into a glowing shapeshifter
  8812 | D:9      | Noticed a glowing shapeshifter (glowing shapeshifter)
  8814 | D:9      | a glowing shapeshifter changed into a moth of wrath
  8814 | D:9      | Noticed a moth of wrath (glowing shapeshifter)
  8816 | D:9      | a moth of wrath changed into an eye of devastation
  8819 | D:9      | XOM: 1-stop teleportation journey
  8945 | D:9      | XOM: silly message
  9186 | D:9      | Reached skill level 12 in Dodging
  9205 | D:9      | a dream sheep changed into a moth of wrath
  9205 | D:9      | Noticed a moth of wrath (glowing shapeshifter)
  9209 | D:9      | a moth of wrath changed into an orb spider
  9209 | D:9      | Noticed an orb spider (glowing shapeshifter)
  9210 | D:9      | XOM: summons friendly crimson imp
  9211 | D:9      | an orb spider changed into a faun
  9211 | D:9      | Noticed a faun (glowing shapeshifter)
  9215 | D:9      | a faun changed into a dream sheep
  9322 | D:9      | XOM: noise
  9445 | D:9      | Found a blossoming altar of Fedhas.
  9640 | D:9      | Reached skill level 13 in Dodging
  9651 | D:9      | Found a staircase to the Orcish Mines.
  9871 | D:10     | Entered Level 10 of the Dungeon
 10297 | D:10     | Reached skill level 14 in Dodging
 10787 | D:10     | Found a staircase to the Lair.
 10839 | D:10     | Found an ancient bone altar of Kikubaaqudgha.
 10920 | Lair:1   | Entered Level 1 of the Lair of Beasts
 10941 | Lair:1   | Reached skill level 15 in Dodging
 10997 | Lair:1   | Reached XP level 12. HP: 80/80 MP: 15/15
 11088 | Lair:1   | XOM: confuse monster(s)
 11139 | Lair:1   | XOM: 1-stop teleportation journey
 11201 | Lair:1   | XOM: swap monsters
 11276 | Lair:1   | XOM: 1-stop teleportation journey
 12023 | Lair:2   | XOM: summons 2 friendly demons
 12043 | Lair:1   | XOM: polymorph komodo dragon -> cane toad
 12044 | Lair:1   | XOM: enchant monster (bad)
 12051 | Lair:1   | XOM: swap monsters
 12056 | Lair:1   | XOM: summons 4 friendly demons
 12107 | Lair:2   | XOM: cloud trail
 12168 | Lair:2   | XOM: divine lightning
 12172 | Lair:2   | XOM: potion effect (haste)
 12179 | Lair:2   | XOM: stat loss: -1 Str (7/8)
 12217 | Lair:2   | XOM: confuse monster(s)
 12234 | Lair:1   | XOM: scenery: summon butterflies
 12463 | Lair:2   | XOM: cast spell 'Summon Mana Viper'
 12690 | Lair:2   | XOM: god gift: club {god gift}
 12844 | Lair:2   | XOM: 3-stop teleportation journey
 13136 | Lair:2   | Reached skill level 16 in Dodging
 13505 | Lair:3   | Noticed a skyshark
 13509 | Lair:3   | Killed a skyshark
 13510 | Lair:3   | Reached XP level 13. HP: 85/85 MP: 16/16
 13532 | Lair:3   | Noticed a seven-headed hydra
 13547 | Lair:3   | Killed a seven-headed hydra
 13683 | Lair:3   | Found a staircase to the Snake Pit.
 13897 | Lair:3   | Noticed an eight-headed hydra
 13900 | Lair:3   | XOM: divination: magic mapping
 13907 | Lair:3   | Killed an eight-headed hydra
 13952 | Lair:3   | Identified the +0 leather armour of the Bagpipe {rElec
                  | Regen+}
 14137 | Lair:3   | Noticed a catoblepas
 14141 | Lair:3   | Killed a catoblepas
 14194 | Lair:3   | XOM: noise
 14235 | Lair:3   | Reached skill level 15 in Short Blades
 14252 | Lair:3   | XOM: noise
 14259 | Lair:3   | XOM: noise
 14401 | Lair:3   | Noticed a six-headed hydra
 14405 | Lair:3   | Killed a six-headed hydra
 14420 | Lair:3   | Noticed a five-headed hydra
 14432 | Lair:3   | Killed a five-headed hydra
 14433 | Lair:3   | Reached skill level 17 in Dodging
 14449 | Lair:3   | Found a staircase to the Swamp.
 15498 | Lair:4   | Learned a level 6 spell: Simulacrum
 15512 | Lair:5   | Entered Level 5 of the Lair of Beasts
 15526 | Lair:5   | Noticed a seven-headed hydra
 15532 | Lair:5   | Killed a seven-headed hydra
 15642 | Lair:5   | Noticed a seven-headed hydra
 15646 | Lair:5   | Killed a seven-headed hydra
 15891 | Lair:5   | XOM: cast spell 'Metabolic Englaciation'
 15900 | Lair:5   | XOM: confuse monster(s)
 16036 | Lair:5   | Reached XP level 14. HP: 82/94 MP: 17/17
 16071 | Lair:5   | XOM: 1-stop teleportation journey
 16152 | Lair:5   | XOM: 3-stop teleportation journey
 16220 | Lair:5   | XOM: enchant monster (bad)
 16342 | Lair:5   | XOM: cast spell 'Alistair's Intoxication'
 16343 | Lair:5   | XOM: divination: magic mapping
 16353 | Lair:5   | XOM: cast spell 'Alistair's Intoxication'
 16390 | Lair:5   | Reached skill level 18 in Dodging
 16401 | Lair:5   | Found a staircase to the Slime Pits.
 16401 | Lair:5   | Found a viscous altar of Jiyva.
 16466 | Lair:5   | XOM: blink monster(s)
 16521 | Lair:5   | XOM: confuse monster(s)
 16522 | Lair:5   | XOM: enchant monster (good)
 16557 | Lair:5   | XOM: silly message
 16582 | Lair:5   | XOM: noise
 16596 | Lair:5   | Reached skill level 10 in Fighting
 16647 | Lair:5   | XOM: silly message
 16671 | Lair:5   | XOM: noise
 16716 | Lair:5   | XOM: silly message
 16725 | Lair:5   | XOM: noise
 16760 | Lair:5   | Reached skill level 15 in Stealth
 16762 | Lair:5   | XOM: 2-stop teleportation journey
 16895 | Lair:5   | XOM: blink monster(s)
 16902 | Lair:5   | XOM: stat loss: -1 Int (10/11)
 16939 | Lair:5   | XOM: give mutations
 16939 | Lair:5   | Lost mutation: Your system is resistant to poisons. (rPois)
                  | [Xom's mischief]
 16939 | Lair:5   | Lost mutation: You have a pair of small antennae on your
                  | head. [Xom's mischief]
 16939 | Lair:5   | Lost mutation: Your body sometimes deteriorates upon taking
                  | damage. [Xom's mischief]
 16942 | Lair:5   | XOM: silly message
 16942 | Lair:5   | XOM: smoke on damage
 16944 | Lair:5   | XOM: enchant monster (good)
 17039 | Lair:5   | XOM: silly message
 17331 | Lair:5   | XOM: torment (49/96 hp)
 17391 | Lair:5   | XOM: give mutations
 17391 | Lair:5   | Lost mutation: You are completely covered in iridescent
                  | scales. (AC +6) [Xom's mischief]
 17391 | Lair:5   | Gained mutation: You are strong-willed. (Will+) [Xom's
                  | mischief]
 17391 | Lair:5   | Lost mutation: You are robust. (+10% HP) [Xom's mischief]
 17391 | Lair:5   | Gained mutation: Your flesh is heat resistant. (rF+) [Xom's
                  | mischief]
 17411 | Lair:5   | Reached skill level 1 in Necromancy
 17651 | Lair:5   | XOM: give mutation
 17651 | Lair:5   | Gained mutation: Your muscles are strong. (Str +4, Int/Dex
                  | -1) [Xom's mischief]
 17804 | D:11     | Identified the +3 long sword of Dieff {freeze, Str+2}
 17956 | D:11     | XOM: silly message
 17967 | D:11     | XOM: blink monster(s)
 18032 | D:11     | XOM: polymorph orc priest -> centaur
 18091 | D:11     | XOM: polymorph yak -> tarantella
 18111 | D:11     | XOM: noise
 18563 | D:11     | XOM: polymorph orc -> adder
 18675 | D:11     | XOM: summons 7 hostile demons
 18682 | D:11     | XOM: smoke on damage
 18733 | D:11     | Noticed Lodul
 18740 | D:11     | Killed Lodul
 18889 | D:11     | XOM: silly message
 18963 | D:11     | XOM: stat loss: -1 Dex (25/26)
 18981 | D:11     | XOM: stat loss: -1 Int (9/10)
 19011 | D:12     | Reached skill level 19 in Dodging
 19018 | D:12     | Reached XP level 15. HP: 95/95 MP: 18/18
 19070 | D:12     | Found Tecra Pew's Neck Hole.
 19075 | D:12     | Bought an amulet of reflection for 420 gold pieces
 19732 | D:13     | Noticed Sonja
 19734 | D:13     | Killed Sonja
 19773 | D:13     | XOM: polymorph cyclops -> glowing shapeshifter
 20031 | D:13     | XOM: summons 3 hostile demons
 20436 | D:13     | XOM: draining
 20680 | D:13     | XOM: scenery: 1 doors close
 20886 | Orc:1    | Entered Level 1 of the Orcish Mines
 20895 | Orc:1    | Noticed an orc warlord
 20898 | Orc:1    | XOM: divination: detect creatures
 20911 | Orc:1    | Reached skill level 5 in Necromancy
 20927 | Orc:1    | Killed an orc warlord
 21133 | Orc:1    | XOM: 1-stop teleportation journey
 21193 | Orc:1    | XOM: 2-stop teleportation journey
 21235 | Orc:1    | XOM: 4-stop teleportation journey
 21550 | Orc:2    | Entered Level 2 of the Orcish Mines
 21566 | Orc:2    | XOM: 1-stop teleportation journey
 21567 | Orc:2    | Found Sevipist's Assorted Antiques.
 21716 | Orc:2    | Found a staircase to the Elven Halls.
 21739 | Orc:2    | XOM: give mutation
 21739 | Orc:2    | Gained mutation: You are highly strong-willed. (Will++)
                  | [Xom's grace]
 21769 | Orc:2    | XOM: god gift: short sword {god gift}
 21775 | Orc:2    | Found a dark tunnel.
 21777 | Orc:2    | XOM: scenery: summon butterflies
 21784 | Volcano  | Entered a volcano
 21816 | Volcano  | Found a radiant altar of Vehumet.
 21824 | Volcano  | XOM: confuse monster(s)
 21867 | Volcano  | XOM: cast spell 'Monstrous Menagerie'
 21951 | Volcano  | XOM: draining
 22031 | Orc:2    | XOM: give mutations
 22031 | Orc:2    | Gained mutation: You have a somewhat thin skeletal
                  | structure. (Dex +2, Stealth+) [Xom's grace]
 22031 | Orc:2    | Gained mutation: You have a pair of small horns on your
                  | head. [Xom's grace]
 22031 | Orc:2    | Gained mutation: You have hidden genetic potential. [Xom's
                  | grace]
 22031 | Orc:2    | Gained mutation: You are completely covered in iridescent
                  | scales. (AC +6) [Xom's grace]
 22103 | Orc:2    | XOM: scenery: create altars
 22116 | Orc:2    | XOM: summons 11 friendly demons
 22153 | Orc:2    | XOM: polymorph ufetubus -> crimson imp
 22223 | Orc:2    | XOM: chaos upgrade
 22224 | Orc:2    | XOM: give mutations
 22224 | Orc:2    | Lost mutation: Your muscles are strong. (Str +4, Int/Dex
                  | -1) [Xom's mischief]
 22224 | Orc:2    | Lost mutation: You have hidden genetic potential. [Xom's
                  | mischief]
 22229 | Abyss:4  | Cast into level 4 of the Abyss (Xom)
 22288 | Abyss:4  | XOM: swap monsters
 22300 | Abyss:4  | XOM: swap monsters
 22307 | Abyss:4  | XOM: blink monster(s)
 22308 | Abyss:4  | XOM: summons 6 hostile demons
 22316 | Abyss:4  | XOM: draining
 22339 | Abyss:4  | XOM: stat loss: -1 Str (7/8)
 22358 | Abyss:4  | XOM: polymorph necromancer -> skyshark
 22368 | Abyss:4  | XOM: noise
 22378 | Abyss:4  | Noticed a dread lich
 22379 | Abyss:4  | Noticed a tentacled starspawn
 22420 | Orc:2    | Escaped the Abyss
 22421 | Orc:2    | XOM: cast spell 'Alistair's Intoxication'
 22433 | Orc:2    | Reached skill level 20 in Dodging
 22463 | Orc:2    | XOM: potion effect (might)
 22473 | Orc:2    | XOM: silly message
 22557 | Orc:2    | Found Ibbima's Assorted Antiques.
 22559 | Orc:2    | Found Vyhacky's Antique Armour Emporium.
 22567 | Orc:2    | Bought a heavily runed leather armour for 182 gold pieces
 22567 | Orc:2    | Identified the +1 leather armour "Pagut" {Drain rElec Int-2
                  | Dex+6} (You bought it in a shop on level 2 of the Orcish
                  | Mines)
 22567 | Orc:2    | Bought a wizard robe for 148 gold pieces
 22567 | Orc:2    | Identified the +1 robe of the Moon {rElec rPois Str+4} (You
                  | bought it in a shop on level 2 of the Orcish Mines)
 22586 | Orc:2    | Found Waliduac's Jewellery Emporium.
 22601 | Orc:2    | Reached XP level 16. HP: 93/104 MP: 19/19
 22820 | Orc:2    | XOM: summons friendly quasit
 22918 | Orc:2    | Noticed Erolcha
 22924 | Orc:2    | Killed Erolcha
 23194 | Orc:2    | XOM: give mutations
 23194 | Orc:2    | Gained mutation: You passively map a small area around you.
                  | [Xom's grace]
 23194 | Orc:2    | Gained mutation: You have supernaturally acute eyesight.
                  | (SInv) [Xom's grace]
 23194 | Orc:2    | Lost mutation: You have large cloven feet. [Xom's grace]
 23194 | Orc:2    | Gained mutation: You have sharp toenails. [Xom's grace]
 23242 | Orc:2    | XOM: summons 2 hostile demons
 23272 | Elf:1    | Entered Level 1 of the Elven Halls
 23310 | Elf:1    | Acquired the +1 pair of gloves of Fortitude {Will- Str+4
                  | Dex+4 Stlth+}
 23352 | Elf:1    | Found a frozen archway.
 23373 | Elf:1    | XOM: 3-stop teleportation journey
 23460 | Elf:1    | XOM: fog
 23461 | Elf:1    | XOM: divination: detect creatures
 23552 | Elf:1    | XOM: 2-stop teleportation journey
 23557 | Elf:1    | XOM: cast spell 'Summon Ice Beast'
 23561 | Elf:1    | XOM: cast spell 'Call Canine Familiar'
 23662 | Elf:1    | XOM: silly message
 23665 | Elf:1    | XOM: summons 5 friendly demons
 23693 | Elf:1    | XOM: destruction
 23724 | IceCv    | Entered an ice cave
 23922 | IceCv    | XOM: polymorph ice dragon -> broodmother
 23983 | IceCv    | XOM: summons 9 hostile demons
 24060 | IceCv    | XOM: smoke on damage
 24175 | IceCv    | XOM: summons friendly white imp
 24177 | IceCv    | XOM: cleaving
 24371 | IceCv    | Noticed a golden dragon
 24375 | IceCv    | Killed a golden dragon
 24376 | IceCv    | Reached skill level 15 in Fighting
 24376 | IceCv    | Reached skill level 10 in Necromancy
 24395 | IceCv    | Identified the amulet of Interdependent Arising {RegenMP
                  | +Inv rPois Str-4 Stlth+}
 24405 | IceCv    | Identified the ring "Ujothic" {MP+9 Str+4 Int+3 Slay+2
                  | SInv}
 24431 | IceCv    | XOM: noise
 25176 | Elf:1    | Noticed a deep elf sorcerer
 25176 | Elf:1    | XOM: cast spell 'Olgreb's Toxic Radiance'
 25183 | Elf:1    | Killed a deep elf sorcerer
 25193 | Elf:1    | XOM: summons 4 hostile demons
 25358 | Elf:1    | XOM: 4-stop teleportation journey
 25398 | Elf:1    | Reached XP level 17. HP: 111/113 MP: 20/20
 25635 | Elf:1    | XOM: give mutations
 25635 | Elf:1    | Lost mutation: Your flesh is heat resistant. (rF+) [Xom's
                  | mischief]
 25635 | Elf:1    | Lost mutation: You have a pair of small horns on your head.
                  | [Xom's mischief]
 25635 | Elf:1    | Lost mutation: You possess an exceptional clarity of mind.
                  | [Xom's mischief]
 25855 | Elf:2    | Found a runed translucent gate.
 25855 | Elf:2    | Found a runed translucent gate.
 25855 | Elf:2    | Found a runed translucent gate.
 25897 | Elf:2    | Found a flickering gateway to a bazaar.
 25904 | Elf:2    | XOM: 3-stop teleportation journey
 25921 | Elf:2    | XOM: divination: detect items
 25952 | Bazaar   | Entered a bazaar
 26008 | Bazaar   | Found Qiemohut's Jewellery Shoppe.
 26008 | Bazaar   | Found Ynnic's Magic Scroll Emporium.
 26016 | Bazaar   | Found Bucoc's Weapon Shoppe.
 26019 | Bazaar   | Bought a scroll of enchant armour for 97 gold pieces
 26019 | Bazaar   | Bought a scroll of blinking for 97 gold pieces
 26019 | Bazaar   | Bought a scroll of enchant weapon for 97 gold pieces
 26019 | Bazaar   | Bought a scroll of teleportation for 39 gold pieces
 26019 | Bazaar   | Bought a scroll of teleportation for 39 gold pieces
 26019 | Bazaar   | Bought a scroll of teleportation for 39 gold pieces
 26101 | Elf:2    | Paralysed by an air elemental for 1 turns
 26106 | Elf:2    | XOM: potion effect (might)
 26112 | Elf:2    | XOM: potion effect (invisibility)
 26334 | Elf:3    | Entered Level 3 of the Elven Halls
 26402 | Elf:3    | Noticed a deep elf blademaster
 26405 | Elf:3    | XOM: potion effect (brilliance)
 26412 | Elf:3    | XOM: potion effect (berserk rage)
 26414 | Elf:3    | Killed a deep elf blademaster
 26468 | Elf:3    | XOM: potion effect (invisibility)
 26686 | Elf:3    | Noticed Asterion
 26688 | Elf:3    | Killed Asterion
 26723 | Elf:3    | XOM: potion effect (heal wounds)
 26761 | Elf:3    | XOM: silly message
 26939 | Elf:3    | XOM: blink monster(s)
 26960 | Elf:3    | XOM: enchant monster (good)
 27012 | Elf:3    | XOM: confusion (+ monsters)
 27021 | Elf:3    | XOM: noise
 28564 | Elf:3    | Identified the +4 rapier of Egomania {heavy, Dex+4}
 28573 | Elf:3    | XOM: chaos cloud
 28612 | Elf:3    | Paralysed by you for 5 turns
 28685 | Elf:3    | Identified the ring "Wiaz" {rCorr Str-5 Int+6 Dex+5}
 28731 | Elf:3    | XOM: confusion
 28929 | Elf:3    | Identified the +5 chain mail "Rameot" {rF+ Will+ rCorr}
 28929 | Elf:3    | Noticed a deep elf master archer
 28934 | Elf:3    | Identified the +5 spear "Afircheoly" {flame, rCorr Int-3
                  | Dex+3}
 28937 | Elf:3    | XOM: 4-stop teleportation journey
 29096 | Elf:3    | XOM: cleaving
 29100 | Elf:3    | Reached skill level 15 in Necromancy
 29140 | Elf:3    | Noticed a deep elf blademaster
 29149 | Elf:3    | XOM: cleaving
 29156 | Elf:3    | Killed a deep elf blademaster
 29180 | Elf:3    | XOM: god gift: scroll of amnesia
 29218 | Elf:3    | XOM: noise
 29228 | Elf:3    | XOM: confuse monster(s)
 29230 | Elf:3    | Identified the +1 mace "Laroeto" {elec, *Corrode rPois
                  | Will+++ SInv}
 29237 | Elf:3    | Paralysed by an air elemental for 1 turns
 29240 | Elf:3    | XOM: polymorph deep elf annihilator -> alligator snapping
                  | turtle
 29246 | Elf:3    | XOM: cleaving
 29248 | Elf:3    | XOM: silly message
 29302 | Elf:3    | XOM: stat loss: -1 Int (9/10)
 29439 | Elf:3    | Noticed a deep elf master archer
 29454 | Elf:3    | Killed a deep elf master archer
 29466 | Elf:3    | XOM: confusion (+ monsters)
 29472 | Elf:3    | XOM: summons friendly crimson imp
 29477 | Elf:3    | Killed a deep elf master archer
 29499 | Elf:3    | XOM: summons friendly ufetubus
 29542 | Elf:3    | XOM: god gift: glowing wooden ring {god gift}
 29620 | Elf:3    | XOM: confusion
 29622 | Elf:3    | XOM: confuse monster(s)
 29624 | Elf:3    | Reached XP level 18. HP: 91/118 MP: 21/21
 29640 | Elf:3    | XOM: give mutations
 29640 | Elf:3    | Gained mutation: You have hidden genetic potential. [Xom's
                  | mischief]
 29640 | Elf:3    | Gained mutation: Your muscles are strong. (Str +4, Int/Dex
                  | -1) [Xom's mischief]
 29640 | Elf:3    | Lost mutation: You have sharp toenails. [Xom's mischief]
 29655 | Elf:3    | XOM: confusion (+ monsters)
 30212 | Elf:3    | XOM: enchant monster (bad)
 30217 | Elf:3    | XOM: potion effect (might)
 30293 | Elf:3    | XOM: god gift: potion of flight
 30645 | Elf:3    | XOM: enchant monster (good)
 30738 | Elf:3    | Identified the staff of fire "Nievor" {rElec rF+ Str+3
                  | Dex+3}
 30966 | Elf:3    | XOM: give mutations
 30966 | Elf:3    | Lost mutation: You passively map a small area around you.
                  | [Xom's mischief]
 30966 | Elf:3    | Lost mutation: You are dopey. (Int -2) [Xom's mischief]
 30966 | Elf:3    | Lost mutation: You have supernaturally acute eyesight.
                  | (SInv) [Xom's mischief]
 31157 | Elf:3    | Learned a level 5 spell: Alistair's Intoxication
 31163 | Elf:3    | Learned a level 5 spell: Irradiate
 31466 | D:14     | Found a runed translucent gate.
 31467 | D:14     | Found a runed translucent gate.
 31468 | D:14     | Found a runed translucent gate.
 31615 | D:14     | Reached skill level 1 in Transmutations
 31626 | D:14     | Found a gate to the Vaults.
 31656 | D:14     | Found Wapeoss's Magic Scroll Shoppe.
 31662 | D:14     | Bought a scroll of teleportation for 51 gold pieces
 31779 | D:9      | XOM: scenery: 1 doors open, 1 doors close
 31835 | Orc:2    | Bought a scroll of acquirement for 2080 gold pieces
 31835 | Orc:2    | Acquired the +3 Mad Mage's Maulers {Infuse+∞ VampMP -Cast}
 31835 | Orc:2    | Found the +3 Mad Mage's Maulers {Infuse+∞ VampMP -Cast}
 31875 | Orc:2    | XOM: stat loss: -1 Str (6/7)
 31945 | D:9      | XOM: give mutations
 31945 | D:9      | Lost mutation: You have hidden genetic potential. [Xom's
                  | mischief]
 31945 | D:9      | Gained mutation: You occasionally lose the ability to drink
                  | potions when taking damage. [Xom's mischief]
 31945 | D:9      | Lost mutation: You are agile. (Dex +4, Str/Int -1) [Xom's
                  | mischief]
 32074 | D:14     | XOM: 2-stop teleportation journey
 32211 | D:14     | XOM: noise
 32523 | D:14     | XOM: summons 10 hostile demons
 32757 | D:14     | Found the +7 mace of Variability {chaos, chaos arc}
 32759 | D:14     | Found a shimmering altar of Xom.
 32765 | D:14     | XOM: blink monster(s)
 32993 | Orc:2    | XOM: noise
 33169 | D:13     | XOM: summons 5 hostile demons
 33598 | D:15     | Entered Level 15 of the Dungeon
 33605 | D:15     | Found a staircase to the Depths.
 33616 | D:15     | XOM: stat loss: -1 Dex (40/41)
 33627 | D:15     | Reached skill level 5 in Spellcasting
 33638 | D:15     | XOM: give mutations
 33638 | D:15     | Gained mutation: You have sharp toenails. [Xom's mischief]
 33638 | D:15     | Lost mutation: You expend magic power (3 MP) to strengthen
                  | your wands. [Xom's mischief]
 33638 | D:15     | Lost mutation: You have a somewhat thin skeletal structure.
                  | (Dex +2, Stealth+) [Xom's mischief]
 33678 | D:15     | XOM: 1-stop teleportation journey
 33717 | D:15     | XOM: summons 7 hostile demons
 33774 | D:15     | XOM: stat loss: -1 Dex (37/39)
 33805 | D:15     | XOM: silly message
 33807 | D:15     | XOM: summons 13 friendly demons
 33837 | D:15     | XOM: give mutations
 33837 | D:15     | Gained mutation: You are vulnerable to heat. (rF-) [Xom's
                  | mischief]
 33837 | D:15     | Gained mutation: You are frail. (-10% HP) [Xom's mischief]
 33837 | D:15     | Gained mutation: You have a pair of small horns on your
                  | head. [Xom's mischief]
 33876 | D:15     | XOM: chaos cloud
 33938 | D:15     | XOM: swap monsters
 33952 | D:15     | XOM: chaos upgrade
 34037 | D:15     | Got the Anthology of Austromancy and the Icicle
 34098 | D:15     | XOM: noise
 34683 | D:15     | XOM: confuse monster(s)
 34718 | D:15     | XOM: scenery: create altars
 34738 | D:15     | XOM: noise
 34875 | D:15     | Found a portal to a secret trove of treasure.
 35198 | Swamp:1  | Entered Level 1 of the Swamp
 35416 | Swamp:1  | Found a runed translucent door.
 35416 | Swamp:1  | Found a shimmering altar of Xom.
 35416 | Swamp:1  | Noticed turdburglar's ghost (journeyman OgGl)
 35839 | Swamp:1  | Killed turdburglar's ghost
 35850 | Swamp:1  | Identified the +7 trident "Ecrimuts" {flame, rPois Will+
                  | Str+3 Int+3}
 35878 | Swamp:1  | XOM: noise
 36005 | Swamp:2  | Found a runed translucent gate.
 36005 | Swamp:2  | Found a runed translucent gate.
 36017 | Swamp:2  | Found a runed translucent gate.
 36033 | Swamp:2  | Noticed Uryrphacuxt's ghost (adept MiBe)
 36049 | Swamp:2  | Noticed a tentacled monstrosity
 36077 | Swamp:2  | XOM: enchant monster (good)
 36132 | Swamp:2  | XOM: silly message
 36691 | Swamp:2  | XOM: enchant monster (good)
 36703 | Swamp:2  | XOM: cast spell 'Call Canine Familiar'
 36707 | Swamp:2  | XOM: divine lightning
 36884 | Swamp:2  | XOM: torment (55/107 hp)
 37156 | Swamp:2  | XOM: give mutations
 37156 | Swamp:2  | Lost mutation: You occasionally lose the ability to drink
                  | potions when taking damage. [Xom's mischief]
 37156 | Swamp:2  | Lost mutation: You are vulnerable to heat. (rF-) [Xom's
                  | mischief]
 37156 | Swamp:2  | Gained mutation: Your flesh is heat resistant. (rF+) [Xom's
                  | mischief]
 37156 | Swamp:2  | Gained mutation: Your body sometimes deteriorates upon
                  | taking damage. [Xom's mischief]
 37237 | Swamp:3  | XOM: scenery: summon butterflies
 37264 | Swamp:3  | Noticed a tentacled monstrosity
 37274 | Swamp:3  | XOM: noise
 37365 | Swamp:3  | XOM: noise
 37375 | Swamp:3  | XOM: confuse monster(s)
 37380 | Swamp:3  | XOM: cast spell 'Summon Hydra'
 37390 | Swamp:3  | XOM: god gift: plate armour {god gift}
 37724 | Swamp:3  | Killed a tentacled monstrosity
 37725 | Swamp:3  | Reached XP level 19. HP: 33/111 MP: 32/32
 37948 | Swamp:3  | Reached skill level 10 in Spellcasting
 38329 | Swamp:4  | Entered Level 4 of the Swamp
 38429 | Swamp:4  | XOM: divination: magic mapping
 38444 | Swamp:4  | XOM: polymorph seven-headed hydra -> satyr
 38456 | Swamp:4  | XOM: divination: detect items
 38458 | Swamp:4  | XOM: summons 4 friendly demons
 38486 | Swamp:4  | XOM: potion effect (invisibility)
 38503 | Swamp:4  | XOM: destruction
 38510 | Swamp:4  | XOM: noise
 38518 | Swamp:4  | Reached skill level 5 in Transmutations
 38525 | Swamp:4  | Got a decaying rune of Zot
 38542 | Swamp:4  | XOM: 1-stop teleportation journey
 39219 | Swamp:4  | XOM: blink monster(s)
 39222 | Swamp:4  | XOM: polymorph swamp dragon -> glowing orange brain
 39805 | Vaults:1 | Entered Level 1 of the Vaults
 39818 | Vaults:1 | XOM: swap monsters
 39821 | Vaults:1 | XOM: cast spell 'Disjunction'
 39822 | Vaults:1 | XOM: destruction
 39840 | Vaults:1 | XOM: cast spell 'Metabolic Englaciation'
 39894 | Vaults:1 | XOM: summons friendly quasit
 39897 | Vaults:1 | XOM: enchant monster (good)
 40147 | Vaults:1 | XOM: confuse monster(s)
 40455 | Vaults:1 | XOM: summons friendly shadow imp
 40466 | Vaults:1 | XOM: butterfly on damage
 40474 | Vaults:1 | XOM: cleaving
 40485 | Vaults:1 | XOM: 3-stop teleportation journey
 40692 | Vaults:1 | XOM: confusion
 40718 | Vaults:1 | XOM: summons friendly shadow imp
 40896 | Vaults:1 | XOM: summons friendly ufetubus
 40900 | Vaults:1 | Found the +1 cloak of Starlight {*Dazzle EV+4 Stlth--}
 40931 | Vaults:1 | XOM: blink monster(s)
 40940 | Vaults:1 | XOM: noise
 40955 | Vaults:1 | XOM: summons 2 hostile shadow creatures
 40969 | Vaults:1 | XOM: give mutations
 40969 | Vaults:1 | Lost mutation: You are highly strong-willed. (Will++)
                  | [Xom's mischief]
 40969 | Vaults:1 | Lost mutation: You are completely covered in iridescent
                  | scales. (AC +6) [Xom's mischief]
 40969 | Vaults:1 | Gained mutation: You expend magic power (3 MP) to
                  | strengthen your wands. [Xom's mischief]
 40969 | Vaults:1 | Lost mutation: You have sharp toenails. [Xom's mischief]
 40974 | Vaults:1 | XOM: polymorph white ugly thing -> brown ugly thing
 40975 | Vaults:1 | XOM: confuse monster(s)
 40995 | Vaults:1 | XOM: polymorph something unseen -> torpor snail
 41001 | Vaults:1 | XOM: enchant monster (bad)
 41007 | Vaults:1 | Reached skill level 21 in Dodging
 41135 | Vaults:1 | XOM: smoke on damage
 41199 | Vaults:1 | XOM: god gift: 2 potions of berserk rage
 41376 | Vaults:1 | XOM: 8-stop teleportation journey
 41667 | Vaults:1 | Reached XP level 20. HP: 116/116 MP: 35/35
 41781 | Vaults:1 | XOM: summons 6 friendly demons
 42014 | Vaults:1 | Reached skill level 22 in Dodging
 42213 | Vaults:2 | Found Qinicoku's Armour Shoppe.
 42233 | Vaults:2 | XOM: enchant monster (good)
 42234 | Vaults:2 | XOM: confuse monster(s)
 42467 | Vaults:1 | XOM: polymorph white ugly thing -> cyan ugly thing
 42631 | Vaults:2 | XOM: god gift: potion of flight
 42919 | Vaults:2 | XOM: cleaving
 43007 | Vaults:2 | XOM: scenery: summon butterflies
 43339 | Vaults:2 | XOM: noise
 43353 | Vaults:2 | Found a staircase to the Crypt.
 43483 | Vaults:2 | XOM: scenery: 2 doors open
 43519 | Vaults:2 | XOM: potion effect (invisibility)
 43520 | Vaults:2 | XOM: summons friendly shadow imp
 43521 | Vaults:2 | Reached skill level 23 in Dodging
 43527 | Vaults:2 | XOM: fake destruction
 43535 | Vaults:2 | XOM: 1-stop teleportation journey
 43748 | Vaults:2 | XOM: fog
 43799 | Vaults:2 | XOM: give mutations
 43799 | Vaults:2 | Lost mutation: Your flesh is heat resistant. (rF+) [Xom's
                  | mischief]
 43799 | Vaults:2 | Gained mutation: Your mind is acute. (Int +4, Str/Dex -1)
                  | [Xom's mischief]
 43799 | Vaults:2 | Lost mutation: You are frail. (-10% HP) [Xom's mischief]
 44084 | Vaults:2 | XOM: blink monster(s)
 44135 | Vaults:2 | XOM: scenery: summon butterflies
 44290 | Vaults:2 | XOM: give mutation
 44290 | Vaults:2 | Gained mutation: You possess an exceptional clarity of
                  | mind. [Xom's grace]
 44422 | Vaults:2 | XOM: 3-stop teleportation journey
 44434 | Vaults:2 | XOM: summons 1 hostile demon
 44915 | Vaults:2 | Noticed Bai Suzhen
 44919 | Vaults:2 | XOM: blink monster(s)
 44928 | Vaults:2 | XOM: give mutations
 44928 | Vaults:2 | Gained mutation: You are clumsy. (Dex -2) [Xom's mischief]
 44928 | Vaults:2 | Lost mutation: You possess an exceptional clarity of mind.
                  | [Xom's mischief]
 44939 | Vaults:2 | XOM: summons friendly crimson imp
 45263 | Vaults:2 | XOM: give mutations
 45263 | Vaults:2 | Gained mutation: You are covered in fur. (AC +1) [Xom's
                  | grace]
 45263 | Vaults:2 | Gained mutation: You are highly strong-willed. (Will++)
                  | [Xom's grace]
 45263 | Vaults:2 | Gained mutation: You are extremely strong-willed. (Will+++)
                  | [Xom's grace]
 45544 | Vaults:3 | Identified the +1 leather armour "Rits" {Int+3}
 45547 | Vaults:3 | XOM: enchant monster (good)
 45562 | Vaults:3 | XOM: cast spell 'Monstrous Menagerie'
 45566 | Vaults:3 | Reached skill level 24 in Dodging
 45622 | Vaults:3 | XOM: 2-stop teleportation journey
 45814 | Vaults:3 | XOM: summons friendly shadow imp
 46044 | Vaults:3 | XOM: silly message
 46115 | Vaults:3 | XOM: draining
 46369 | Vaults:3 | XOM: scenery: create altars
 46451 | Vaults:3 | XOM: summons friendly iron imp
 46461 | Vaults:3 | Reached XP level 21. HP: 111/129 MP: 36/36
 46503 | Vaults:3 | XOM: divination: detect creatures
 46568 | Vaults:3 | XOM: polymorph ironbound thunderhulk -> glowing
                  | shapeshifter
 46694 | Vaults:3 | XOM: scenery: summon butterflies
 46833 | Vaults:3 | XOM: give mutation
 46833 | Vaults:3 | Gained mutation: You passively map a small area around you.
                  | [Xom's grace]
 46902 | Vaults:3 | Noticed Jory
 46907 | Vaults:3 | XOM is BORED!
 46907 | Vaults:3 | XOM: blink monster(s)
 46987 | Vaults:3 | XOM: give mutations
 46987 | Vaults:3 | Gained mutation: You have a pair of horns on your head.
                  | [Xom's grace]
 46987 | Vaults:3 | Gained mutation: Your spells are a little harder to cast,
                  | but a little more powerful. [Xom's grace]
 46987 | Vaults:3 | Gained mutation: Your skin changes colour to match your
                  | surroundings (Stealth+). [Xom's grace]
 46987 | Vaults:3 | Gained mutation: Your mind is very acute. (Int +8, Str/Dex
                  | -2) [Xom's grace]
 47124 | Vaults:4 | Noticed Sojobo
 47132 | Vaults:4 | XOM: cleaving
 47138 | Vaults:4 | Paralysed by an air elemental for 1 turns
 47144 | Vaults:3 | XOM: god gift: scarf of harm
 47145 | Vaults:3 | XOM: summons 15 friendly demons
 47146 | Vaults:3 | XOM: polymorph sphinx -> shadow dragon
 47155 | Vaults:3 | Reached skill level 25 in Dodging
 47244 | Vaults:3 | XOM: give mutations
 47244 | Vaults:3 | Lost mutation: Your spells are a little harder to cast, but
                  | a little more powerful. [Xom's mischief]
 47244 | Vaults:3 | Lost mutation: Your mind is very acute. (Int +8, Str/Dex
                  | -2) [Xom's mischief]
 47351 | Vaults:4 | XOM: enchant monster (bad)
 47353 | Vaults:4 | XOM: enchant monster (bad)
 47360 | Vaults:3 | XOM: enchant monster (bad)
 47851 | D:14     | Found a runed translucent gate.
 47851 | D:14     | Found a runed translucent gate.
 47851 | D:14     | Found a runed translucent gate.
 47864 | D:14     | Noticed Qesae's ghost (journeyman FeSu)
 47867 | D:14     | Gained mutation: Your magical capacity is low. (-10% MP) [a
                  | neqoxec]
 47869 | D:14     | Gained mutation: You occasionally lose the ability to drink
                  | potions when taking damage. [a cacodemon]
 47876 | D:14     | Gained mutation: You are frail. (-10% HP) [a cacodemon]
 47885 | D:14     | Gained mutation: Potions are less effective at restoring
                  | your health. [a neqoxec]
 47898 | D:14     | Killed Qesae's ghost
 47999 | D:14     | Learned a level 1 spell: Apportation
 48138 | D:9      | XOM: silly message
 48329 | D:9      | XOM: god gift: 4 atropa-tipped darts
 48474 | Snake:1  | Entered Level 1 of the Snake Pit
 48516 | Snake:1  | Found a blossoming altar of Fedhas.
 48677 | Snake:1  | XOM: god gift: 39 gold pieces
 48936 | Snake:1  | Found Zuadgh's Book Boutique.
 48941 | Snake:1  | Bought a book of Death for 704 gold pieces
 49050 | Snake:1  | XOM: god gift: potion of degeneration
 49112 | Snake:2  | Noticed Aizul
 49134 | Snake:2  | Killed Aizul
 49140 | Snake:2  | Reached skill level 1 in Shields
 49141 | Snake:2  | XOM: potion effect (might)
 49148 | Snake:2  | XOM: enchant monster (good)
 49154 | Snake:2  | XOM: enchant monster (bad)
 49352 | Snake:2  | Noticed Louise
 49367 | Snake:2  | Killed Louise
 49370 | Snake:2  | XOM: enchant monster (good)
 49422 | Snake:2  | XOM: cloud trail
 49474 | Snake:2  | XOM: divination: magic mapping
 49577 | Snake:2  | XOM: enchant monster (bad)
 49582 | Snake:2  | XOM: 3-stop teleportation journey
 49610 | Snake:2  | XOM: polymorph naga -> centaur
 49746 | Snake:2  | Reached skill level 26 in Dodging
 49871 | Snake:2  | Noticed Vashnia
 49882 | Snake:2  | XOM: potion effect (invisibility)
 49885 | Snake:2  | Killed Vashnia
 49886 | Snake:2  | Reached skill level 5 in Shields
 49904 | Snake:2  | XOM: silly message
 50079 | Snake:3  | XOM: noise
 50080 | Snake:3  | Noticed Jorgrun
 50090 | Snake:3  | Killed Jorgrun
 50148 | Snake:3  | Learned a level 4 spell: Animate Dead
 50157 | Snake:3  | Learned a level 8 spell: Infestation
 50288 | Snake:3  | XOM: confusion
 50299 | Snake:3  | XOM: noise
 50575 | Snake:3  | XOM: silly message
 50590 | Snake:3  | XOM: torment (57/120 hp)
 50944 | Snake:3  | XOM: cast spell 'Leda's Liquefaction'
 50962 | Snake:3  | XOM: confuse monster(s)
 51108 | Snake:3  | XOM: summons 12 friendly demons
 51119 | Snake:3  | XOM: confuse monster(s)
 51121 | Snake:3  | Reached XP level 22. HP: 123/124 MP: 33/33
 51754 | Snake:4  | XOM: stealth player
 51754 | Snake:4  | Entered Level 4 of the Snake Pit
 51863 | Snake:4  | Noticed Nikola
 51894 | Snake:4  | Killed Nikola
 52167 | Snake:4  | XOM: enchant monster (bad)
 52529 | Snake:4  | XOM: potion effect (curing)
 52540 | Snake:4  | Reached skill level 27 in Dodging
 52666 | Snake:4  | XOM: silly message
 52748 | Snake:4  | Noticed Agnes
 52755 | Snake:4  | Killed Agnes
 52843 | Snake:4  | Noticed Mlioglotl
 52849 | Snake:4  | Killed Mlioglotl
 52914 | Snake:4  | Reached skill level 10 in Shields
 52954 | Snake:4  | XOM: potion effect (brilliance)
 52958 | Snake:4  | XOM: summons 16 friendly demons
 53144 | Snake:4  | Got a serpentine rune of Zot
 53487 | Snake:4  | XOM: summons 3 friendly demons
 53917 | D:8      | XOM: divination: detect items
 53945 | D:8      | XOM: cast spell 'Summon Small Mammal'
 53947 | D:8      | Killed Sobieck's ghost
 54022 | D:8      | XOM: give mutations
 54022 | D:8      | Gained mutation: You possess an exceptional clarity of
                  | mind. [Xom's grace]
 54022 | D:8      | Gained mutation: You have hidden genetic potential. [Xom's
                  | grace]
 54125 | D:10     | XOM: cloud trail
 54272 | Vaults:3 | XOM: cloud trail
 54285 | Vaults:3 | XOM: enchant monster (good)
 54287 | Vaults:3 | Killed Sojobo
 54328 | Vaults:3 | XOM: 3-stop teleportation journey
 54334 | Vaults:3 | XOM: god gift: scarf of shadows
 54516 | Vaults:3 | XOM: god gift: ring of see invisible
 54644 | Vaults:4 | XOM: god gift: Trismegistus Codex
 54702 | Vaults:4 | XOM: god gift: 25 gold pieces
 54998 | Vaults:4 | XOM: cleaving
 55005 | Vaults:4 | XOM: cleaving
 55015 | Vaults:4 | XOM: polymorph deep troll -> floating eye
 55027 | Vaults:4 | XOM: 3-stop teleportation journey
 55192 | Vaults:4 | XOM: blink monster(s)
 55948 | Vaults:3 | XOM: god gift: 2 stones
 56109 | Vaults:3 | XOM: god gift: amulet of faith
 56166 | Vaults:3 | Found a shimmering altar of Xom.
 57058 | Vaults:2 | XOM: divination: magic mapping
 57365 | Vaults:2 | Killed Bai Suzhen
 57741 | Vaults:3 | Killed Jory
 58507 | Vaults:4 | Reached XP level 23. HP: 110/129 MP: 30/35
 58629 | Vaults:4 | XOM: summons 2 friendly demons
 58639 | Vaults:4 | XOM: enchant monster (bad)
 58943 | Vaults:4 | Found Vakeno's Book Shoppe.
 58948 | Vaults:4 | Bought a manual of Fighting for 1280 gold pieces
 58956 | Vaults:4 | Learned a level 7 spell: Haunt
 59225 | Vaults:4 | XOM: confuse monster(s)
 59376 | Vaults:4 | XOM: enchant monster (good)
 59446 | Vaults:4 | XOM: divination: detect creatures
 59726 | Vaults:4 | XOM: god gift: scroll of teleportation
 59907 | D:15     | You paid a toll of 10 potions of heal wounds to enter a
                  | treasure trove
 59908 | Trove    | Entered a treasure trove
 59919 | Trove    | Identified the amulet of Xetz {RegenMP rC+ Int+6 Dex+3
                  | SInv}
 60072 | Depths:1 | Entered Level 1 of the Depths
 60103 | Depths:1 | XOM: blink monster(s)
 60104 | Depths:1 | XOM: divination: detect creatures
 60130 | Depths:1 | Found Zin's Purification Station.
 60333 | Depths:1 | Found a one-way gateway to a ziggurat.
 60388 | Depths:1 | Found a glowing silver altar of Zin.
 60544 | Depths:1 | Gained mutation: Your flesh is cold resistant. (rC+)
                  | [hidden potential]
 60597 | Depths:1 | Found a gateway to Hell.
 60717 | Depths:1 | XOM: give mutations
 60717 | Depths:1 | Lost mutation: You possess an exceptional clarity of mind.
                  | [Xom's mischief]
 60717 | Depths:1 | Lost mutation: You are mostly covered in iridescent scales.
                  | (AC +4) [Xom's mischief]
 60717 | Depths:1 | Lost mutation: You expend magic power (3 MP) to strengthen
                  | your wands. [Xom's mischief]
 60717 | Depths:1 | Lost mutation: Potions are less effective at restoring your
                  | health. [Xom's mischief]
 60797 | Depths:1 | XOM: summons 1 hostile demon
 60852 | Depths:1 | Found a one-way gate to the infinite horrors of the Abyss.
 60999 | Depths:2 | Noticed Vv
 61004 | Depths:2 | Killed Vv
 61094 | Depths:2 | XOM: swap monsters
 61102 | Depths:2 | XOM: enchant monster (good)
 61122 | Depths:2 | XOM: chaos cloud
 61188 | Depths:2 | Noticed a golden dragon
 61206 | Depths:2 | XOM: summons friendly crimson imp
 61216 | Depths:2 | Killed a golden dragon
 61519 | Depths:2 | XOM: stat loss: -1 Int (27/28)
 61898 | Depths:2 | Identified the +7 trident "Wiurarev" {flame, Will++ Dex-2}
 61935 | Depths:2 | XOM: give mutation
 61935 | Depths:2 | Lost mutation: You occasionally lose the ability to drink
                  | potions when taking damage. [Xom's mischief]
 61946 | Depths:2 | Found a one-way gate leading to the halls of Pandemonium.
 62108 | Depths:2 | XOM: give mutation
 62108 | Depths:2 | Lost mutation: You are clumsy. (Dex -2) [Xom's mischief]
 62277 | Depths:2 | XOM: stat loss: -1 Int (26/28)
 62357 | Depths:2 | XOM: god gift: wand of mindburst (4)
 62509 | Depths:2 | Identified the +8 battleaxe "Lentekh" {speed, *Slow rPois
                  | Int+3}
 62566 | Depths:2 | XOM: cloud trail
 62579 | Depths:2 | Found an ornate altar of the Wu Jian Council.
 62607 | Depths:2 | Noticed the Enchantress
 62609 | Depths:2 | XOM: scenery: create altars
 62612 | Depths:2 | XOM: enchant monster (good)
 62617 | Depths:2 | XOM: summons friendly crimson imp
 62619 | Depths:2 | XOM: fog
 62623 | Depths:2 | Killed the Enchantress
 62624 | Depths:2 | Reached XP level 24. HP: 85/144 MP: 37/37
 62624 | Depths:2 | XOM: summons 2 friendly demons
 62629 | Depths:2 | XOM: enchant monster (good)
 62637 | Depths:2 | Your ally Enchantress spriggan zombie died
 62773 | Depths:2 | XOM: scenery: summon butterflies
 62876 | Depths:2 | XOM: 1-stop teleportation journey
 63407 | Depths:3 | XOM: confuse monster(s)
 63412 | Depths:3 | Paralysed by a floating eye for 2 turns
 63416 | Depths:3 | XOM: potion effect (invisibility)
 64010 | Slime:1  | Entered Level 1 of the Pits of Slime
 64012 | Slime:1  | XOM: silly message
 64254 | Slime:5  | Entered Level 5 of the Pits of Slime
 64582 | Slime:5  | Reached skill level 15 in Spellcasting
 64605 | Slime:5  | Found a viscous altar of Jiyva.
 64606 | Slime:5  | Noticed the Royal Jelly
 64613 | Slime:5  | XOM: divination: magic mapping
 64617 | Slime:5  | XOM: cast spell 'Leda's Liquefaction'
 64633 | Slime:5  | XOM: confuse monster(s)
 64643 | Slime:5  | XOM: summons friendly shadow imp
 64659 | Slime:5  | XOM: smoke on damage
 64683 | Slime:5  | XOM: divination: detect items
 64688 | Slime:5  | Killed the Royal Jelly
 64688 | Slime:5  | XOM: summons 1 friendly demon
 64867 | Slime:4  | XOM: 1-stop teleportation journey
 64905 | Slime:5  | Gained mutation: You occasionally lose the ability to read
                  | scrolls when taking damage. [a shining eye]
 64910 | Slime:5  | Gained mutation: You are clumsy. (Dex -2) [a shining eye]
 64936 | Slime:5  | XOM: polymorph quicksilver ooze -> storm dragon
 64962 | Slime:5  | XOM: polymorph rockslime -> titan
 64987 | Slime:5  | Gained mutation: You are vulnerable to heat. (rF-) [a
                  | shining eye]
 65004 | Slime:4  | XOM: confusion
 65230 | Slime:4  | Gained mutation: Armour fits poorly on your strangely
                  | shaped body. [a shining eye]
 65241 | Slime:3  | Slain by an acid blob

Illustrated notes

Levels and vault maps discovered:
D:1:      lemuel_arrival_lava_pool, layout_loops_ring,
          nicolae_ecumenical_snake_handling
D:2:      layout_loops_ring, kennysheep_cluttered_room, minmay_pentomino_r4,
          uniq_crazy_yiuf_cottage
D:3:      layout_rooms, mainiacjoe_overflow_cross_hatched, serial_forest,
          infiniplex_forest_straight_5, infiniplex_forest_lined_room_2,
          infiniplex_forest_corner_2, infiniplex_forest_lined_3,
          infiniplex_forest_lined_3_way, infiniplex_forest_lined_2,
          infiniplex_forest_lined_3, uniq_jessica
D:4:      layout_loops_ring, st_stairs_14, kennysheep_diamond
D:5:      minmay_recursive_quarters, layout_cave_pools, grunt_decor_mini_mirrors
D:6:      layout_loops_ring, yredelemnul_forgotten_temple_becter,
          minmay_temple_entry_slanted
D:7:      layout_loops_ring, regret_index_temple_of_mockery,
          mainiacjoe_overflow_chevrons, enter_ossuary_3, uniq_prince_ribbit1,
          uniq_pikel
D:8:      layout_basic, ebering_ghost_inner_flame, serial_rivers,
          chequers_serial_rivers_micro_c, chequers_serial_rivers_micro_a,
          chequers_serial_rivers_micro_e, chequers_serial_rivers_small_3,
          chequers_serial_rivers_micro_e, uniq_grum
D:9:      layout_loops_ring, fedhas_altar_3, david_orc_1_choice,
          nicolae_straight_to_the_point
D:10:     layout_loops_cross, lemuel_tele_altar, grunt_lair_entry_orc_guard_hut,
          st_stairs_3
D:11:     layout_loops_corners, uniq_lodul
D:12:     layout_rooms, nicolae_shop_sticking_my_neck_out
D:13:     layout_stronghold, uniq_sonja
D:14:     layout_cave_pools, david_vaults_5, nicolae_two_hexagons, serial_shops,
          kennysheep_little_box, ploomutoo_gammafunk_ghost_potion_laboratory,
          minmay_guarded_unrand_variability
D:15:     hangedman_depths_entry_civil_slaughter, layout_stronghold,
          nicolae_triple_integral, nicolae_trove_entry_diagonal
Temple:   bh_familiar_temple
Lair:1:   layout_cellular_growth, serial_bayou_shore_a,
          infiniplex_staircase_pool
Lair:2:   layout_long_grid, grunt_megastairs_3, lemuel_fruit_tree,
          lemuel_fruit_fields, infiniplex_staircase_pool_2
Lair:3:   layout_regular_city, palyth_hydra_swamp_entry,
          nicolae_snake_entry_squirm, minmay_lair_oklob_bushes,
          hibernation_bobbens
Lair:4:   layout_gridlike, patterned_corridor
Lair:5:   guppyfry_lair_end_dragon, layout_regular_city,
          hangedman_lair_caniforms_friends, slime_entry_1,
          chequers_serial_rivers_small_b
Swamp:1:  layout_basic_swamp, ebering_ghost_xom, hangedman_swamp_cone
Swamp:2:  layout_basic_swamp, gammafunk_ghost_split,
          evilmike_swamp_ruin_rubble_2
Swamp:3:  layout_falls_marsh, nicolae_swamp_little_tower, swamp_pool4
Swamp:4:  swamp, layout_basic_swamp, swamp_pool4, nicolae_swamp_wisp_ring_woods
Snake:1:  layout_onion, basic_altar, serial_shops, nicolae_book_shop_shelving
Snake:2:  layout_rooms, uniq_aizul, uniq_louise, uniq_vashnia
Snake:3:  layout_cave_town, nicolae_snake_magic_snake_eye, uniq_jorgrun
Snake:4:  minmay_snake_end_coiled, layout_grid_shapes,
          fake_guardian_serpent_vault, uniq_agnes, uniq_nikola, uniq_mlioglotl
Slime:1:  layout_caves
Slime:2:  layout_caves, uniq_dissolution
Slime:3:  layout_caves
Slime:4:  layout_caves
Slime:5
Orc:1:    layout_caves, nicolae_orc_crystal_geode
Orc:2:    st_orc_open, layout_caves, nicolae_volcano_entry_batcave,
          nooodl_orcs_dogs, uniq_erolcha
Elf:1:    eino_elf_arrival_sip, layout_gridlike,
          portal_ice_cave_entry_ugly_swarm, hangedman_elf_disciples
Elf:2:    elven_hall_of_blades_hangedman_original
          [nicolae_blade_entry_antechamber], layout_geoelf_octagon,
          serial_shops, bzr_entry_road, lemuel_elevator
Elf:3:    elf_hall, layout_geoelf_octagon, statue_in_the_mist_lemuel,
          laboratory, uniq_asterion
Vaults:1: nicolae_vaults_closet_pinwheel_3, v_misc_11,
          nicolae_vaults_closet_pinwheel_4, grunt_vaults_hallway_long,
          nicolae_vaults_network_periphery, nicolae_vaults_cornered_office,
          v_misc_18, vaults_room_door_ring, vaults_dpeg_spiral,
          nicolae_vaults_diagonal_hallway_7,
          nicolae_vaults_trapezoid_lopsided_4, layout_vaults_omnibox
Vaults:2: v_misc_33, minmay_crypt_entry_skeletal_spiral,
          nicolae_vaults_network_star, nicolae_vaults_steering_wheel,
          nicolae_vaults_heart-shaped_vault, nicolae_vaults_house_3,
          nicolae_vaults_six-pack, v_alt_pattern_5, vaults_dpeg_cross,
          nicolae_vaults_storage_room_statues, layout_vaults_omnicross,
          serial_shops, shop, uniq_bai_suzhen
Vaults:3: v_misc_10, nicolae_vaults_c_with_doors, ontoclasm_vaults_ring_square,
          v_misc_24, ontoclasm_vaults_ligature,
          nicolae_vaults_ring_of_whatevers, nicolae_vaults_little_squares_6,
          nicolae_vaults_rhombus_5, nicolae_vaults_little_squares_5,
          layout_vaults_quadrants, uniq_jory
Vaults:4: nicolae_vaults_two_Ls, nicolae_vaults_mini_display_case,
          vaults_room_semicircle, nicolae_vaults_more_shelving_2,
          nicolae_vaults_network_s, nicolae_vaults_tetromino_T_1, v_misc_31,
          vaults_room_pools, nicolae_vaults_three_branches,
          layout_vaults_chaotic_city, serial_shops, shop, uniq_sojobo
Depths:1: layout_cave_pools, enter_ziggurat_a, marbit_kobold_abyss_entry,
          pf_hell_entry_great_geh, kennysheep_crisscross,
          hangedman_abyss_or_decor_lesser_grid, zin_purify
Depths:2: cheibrodos_spurs, layout_honeycomb, pan_entry, abyss_entry,
          hell_entry, nrook_pool_corridor, nicolae_wu_jian_wuxing_cycle,
          minmay_staircase_bubble, uniq_enchantress, uniq_vv
Depths:3: minmay_the_grid_triangle_9x9_recursive_3_mashed
          [minmay_the_grid_triangle_9x9_shrine,
          minmay_the_grid_triangle_9x9_pentomino_pain,
          minmay_the_grid_triangle_9x9_cache,
          minmay_the_grid_triangle_9x9_prize_insulated,
          minmay_the_grid_triangle_9x9_corruption,
          minmay_the_grid_triangle_9x9_windchime,
          minmay_the_grid_triangle_9x9_odd_lines,
          minmay_the_grid_triangle_9x9_sparse_checkered,
          minmay_the_grid_triangle_9x9_dagger], layout_cave_pools,
          grunt_hell_entry_dis_mu, abyss_entry_crystal,
          chequers_serial_rivers_marsh, infiniplex_staircase_x

Skill      XL: |  1  2  3  4  5  6  7  8  9 10 11 12 13 14 15 16 17 18 19 20 21 22 23 24 |
---------------+-------------------------------------------------------------------------+-----
Short Blades   | 5 6 7 9 10 14 15 | 15.0
Dodging        | 3 4 5 6 7 10 15 16 17 19 20 21 24 26 27 | 27.0
Stealth        | 3 4 6 10 13 15 | 15.0
Evocations     | 3 4 5 |  5.0
Fighting       | 4 5 8 9 11 13 15 18 20 | 20.0
Spellcasting   | 2 9 11 12 14 15 | 15.0
Translocations | 2 |  2.0
Necromancy     | 3 7 11 15 16 17 18 | 18.6
Transmutations | 2 5 |  5.9
Shields        | 6 11 12 | 12.1
Armour         | |  0.7

Action                     |  1- 3 |  4- 6 |  7- 9 | 10-12 | 13-15 | 16-18 | 19-21 | 22-24 || total
---------------------------+-------+-------+-------+-------+-------+-------+-------+-------++-------
  Melee: Short sword       |    72 |   245 |   364 |   635 |  1492 |  1346 |   319 |   176 ||  4649
         Punch             |     2 |     4 |     9 |    13 |    33 |    22 |    23 |     3 ||   109
         Kick              |       |       |       |   246 |    71 |       |       |       ||   317
         Headbutt          |       |       |       |       |    53 |   269 |   540 |   493 ||  1355
         Quick blade       |       |       |       |       |       |   104 |   202 |   217 ||   523
         Rapier            |       |       |       |       |       |       |   970 |   820 ||  1790
   Cast: Apportation       |       |       |       |       |       |       |     6 |       ||     6
         Animate Dead      |       |       |       |       |       |       |       |    17 ||    17
         Blink             |       |       |       |       |       |       |       |     2 ||     2
Ability: Evoke Invisibilit |       |       |       |       |       |       |     1 |       ||     1
  Evoke: Piece from Xom's  |       |       |     4 |       |       |       |     2 |     1 ||     7
         Wand              |       |       |       |     1 |     9 |     7 |     1 |    15 ||    33
    Use: Scroll            |       |    13 |     6 |     8 |     9 |    17 |    12 |     6 ||    71
         Potion            |       |       |       |     3 |     4 |     4 |     9 |    10 ||    30
   Stab: Sleeping          |     9 |    10 |    15 |    49 |    65 |    75 |    61 |    44 ||   328
         Distracted        |       |       |     2 |    11 |    12 |    25 |    27 |    51 ||   128
         Confused          |       |       |     5 |     6 |    17 |    29 |    12 |     7 ||    76
         Paralysed         |       |       |     4 |     1 |     5 |     2 |     1 |     2 ||    15
         Invisible         |       |       |       |       |     4 |     3 |    81 |    29 ||   117
         Petrifying        |       |       |       |       |     1 |       |       |     2 ||     3
 Armour: Leather armour    |    14 |    33 |    56 |       |   138 |    75 |   111 |    70 ||   497
         Robe              |       |       |       |    39 |     3 |       |       |       ||    42
  Dodge: Dodged            |    49 |   177 |   227 |   458 |  1609 |  1239 |  2254 |  1530 ||  7543
  Block: Other             |       |       |       |       |    97 |   176 |       |       ||   273
         Reflection        |       |       |       |       |     1 |     4 |    53 |    72 ||   130
         Kite shield       |       |       |       |       |       |       |   617 |  1534 ||  2151

Table legend: (Time is in decaauts)
 A = Elapsed time spent in this place.
 B = Non-inter-level travel time spent in this place.
 C = Inter-level travel time spent in this place.
 D = Time resting spent in this place.
 E = Time spent auto-exploring this place.
 F = Levels seen in this place.
 G = Mean time per level.
                   A        B        C        D        E       F      G
               +--------+--------+--------+--------+--------+-----+--------+
         Total |  62411 |  57442 |   4969 |  10285 |  33911 |  52 | 1200.2 |
       Dungeon |  18136 |  15345 |   2791 |   1161 |  10722 |  15 | 1209.1 |
        Temple |    187 |    167 |     20 |      0 |    163 |   1 |  187.0 |
          Lair |   6777 |   6091 |    686 |    556 |   3987 |   5 | 1355.4 |
         Swamp |   4174 |   4005 |    169 |    576 |   2723 |   4 | 1043.5 |
     Snake Pit |   5262 |   5089 |    173 |    520 |   3304 |   4 | 1315.5 |
    Slime Pits |   1081 |   1081 |      0 |    692 |     26 |   5 |  216.2 |
  Orcish Mines |   2221 |   1870 |    351 |      2 |   1185 |   2 | 1110.5 |
   Elven Halls |   6662 |   6449 |    213 |   2652 |   2331 |   3 | 2220.7 |
        Vaults |  12693 |  12283 |    410 |   3074 |   7021 |   4 | 3173.2 |
        Depths |   3598 |   3447 |    151 |    542 |   2134 |   3 | 1199.3 |
         Abyss |    137 |    137 |      0 |      0 |      0 |   1 |  137.0 |
        Bazaar |    116 |    116 |      0 |     53 |     37 |   1 |  116.0 |
         Trove |     63 |     63 |      0 |      0 |      5 |   1 |   63.0 |
       Ossuary |    250 |    250 |      0 |      2 |    106 |   1 |  250.0 |
      Ice Cave |    838 |    838 |      0 |    454 |     80 |   1 |  838.0 |
       Volcano |    208 |    208 |      0 |      0 |     87 |   1 |  208.0 |
               +--------+--------+--------+--------+--------+-----+--------+

Top non-repeatable levels by time:
   Elf:3: 4559 daAuts
Vaults:3: 4509 daAuts
Vaults:2: 3350 daAuts
Vaults:1: 2602 daAuts
Depths:2: 2552 daAuts
 Snake:3: 2273 daAuts
Vaults:4: 2231 daAuts
  Lair:5: 1851 daAuts
     D:9: 1844 daAuts
    D:14: 1780 daAuts
  Lair:1: 1603 daAuts
   Elf:1: 1588 daAuts
    D:15: 1547 daAuts
    D:11: 1497 daAuts
   Orc:2: 1469 daAuts
